 Dungeon Crawl Stone Soup version 0.20.1-1-g8b1a95d66d (webtiles) character file.

91 Ivernyr the Vandal (level 4, 0/30 HPs)
             Began as a Halfling Hunter on Dec 6, 2017.
             Slain by a gnoll (6 damage)
             ... on level 2 of the Dungeon.
             The game lasted 00:04:50 (1427 turns).

Ivernyr the Vandal (Halfling Hunter)                Turns: 1427, Time: 00:04:51

Health: 0/30       AC:  3    Str: 13    XL:     4   Next: 88%
Magic:  4/4        EV: 15    Int: 10    God:
Gold:   45         SH:  0    Dex: 14    Spells: 3/3 levels left

rFire    . . .     SeeInvis .   a - +1 hunting sling
rCold    . . .     Gourm    .   (shield restricted)
rNeg     . . .     Faith    .   c - +0 leather armour
rPois    .         Spirit   .   (no helmet)
rElec    .         Reflect  .   (no cloak)
rCorr    .         Harm     .   (no gloves)
MR       .....                  (no boots)
Stlth    +.........             (no amulet)
Regen    0.1/turn               (no ring)
MPRegen  0.1/turn               (no ring)

@: no status effects
A: mutation resistance 1
a: no special abilities


You were on level 2 of the Dungeon.
You were hungry.

You visited 1 branch of the dungeon, and saw 2 of its levels.

You collected 45 gold pieces.

Inventory:

Hand Weapons
 a - a +1 hunting sling (weapon)
 b - a +0 short sword
Missiles
 d - 46 sling bullets
 h - 30 stones (quivered)
Armour
 c - a +0 leather armour (worn)
Jewellery
 n - a +3 ring of evasion {unknown}
Scrolls
 e - 2 scrolls of teleportation {unknown}
 g - a scroll of blinking {unknown}
 i - 3 scrolls of identify {unknown}
 j - a scroll of fog {unknown}
 k - a scroll of noise {unknown}
Potions
 l - a potion of lignification {unknown}
 o - a potion of resistance {unknown}
Comestibles
 f - a bread ration
 m - a meat ration


   Skills:
 + Level 2.5 Fighting
 * Level 7.4 Slings
 + Level 3.0 Dodging
 - Level 1.1 Stealth


You had 3 spell levels left.
You didn't know any spells.

Dungeon Overview and Level Annotations

Branches:
Dungeon (2/15)

Altars:
Makhleb


Innate Abilities, Weirdness & Mutations

You are small and have problems with some larger weapons.
You are somewhat resistant to further mutation.


Message History

The kobold closely misses you.
Firing (i - inventory. (,) - cycle):
h - 33 stones (quivered)
Press: ? - help, Shift-Dir - straight line, f/p - gnoll
Aim: a gnoll (heavily wounded)
You shoot a stone. The stone closely misses the gnoll.
The gnoll misses you. The gnoll closely misses you.
Firing (i - inventory. (,) - cycle):
h - 32 stones (quivered)
Press: ? - help, Shift-Dir - straight line, f/p - gnoll
Aim: a gnoll (heavily wounded)
You shoot a stone. The stone hits the gnoll.
The gnoll is heavily wounded.
The kobold closely misses you. The gnoll closely misses you.
The gnoll hits you but does no damage.
Firing (i - inventory. (,) - cycle):
h - 31 stones (quivered)
Press: ? - help, Shift-Dir - straight line, f/p - gnoll
Aim: a gnoll (heavily wounded)
You shoot a stone. The stone hits the gnoll.
The gnoll is severely wounded.
The kobold barely misses you. The gnoll hits you.
You die...

# #.. .####.. ###....##
###.#..#.#... ##...#####
#.......... #......... #.....#
## #.†..##### #.# .# ##....# #
#.## .# ##....[# # #Kg# .#
##[.....# # #
##.#####(###.......## #
..########..#(g@g...........# #
#............##K.##.###....# #
##..............r.... #....# #
.............####..### ####.# #
#..........).#.....# #.##
#..........#.#.###.#######..###
#######.#.#....###.............
#.#.#.##........#####....
###......(..#####.........#


You could see 2 gnolls, a kobold and a rat.

Vanquished Creatures
  2 adders (D:2)
  3 gnolls
  An ooze (D:1)
  2 worms (D:2)
  4 dart slugs
  7 bats
  A giant cockroach (D:2)
  A goblin (D:1)
  2 hobgoblins
  5 frilled lizards
  5 kobolds
  2 rats (D:1)
35 creatures vanquished.

Notes
Turn   | Place    | Note
-------+----------+-------------------------------------------
     0 | D:1      | Ivernyr the Halfling Hunter began the quest for the Orb.
     0 | D:1      | Reached XP level 1. HP: 14/14 MP: 1/1
     7 | D:1      | Noticed a wolf
     7 | D:1      | Noticed a water moccasin
     7 | D:1      | Noticed a lindwurm
     7 | D:1      | Noticed a rime drake
    36 | D:1      | Reached skill level 6 in Slings
    71 | D:1      | Reached XP level 2. HP: 19/19 MP: 2/2
   111 | D:1      | Reached XP level 3. HP: 20/24 MP: 3/3
   884 | D:2      | Reached skill level 7 in Slings
   884 | D:2      | Reached XP level 4. HP: 14/30 MP: 4/4
  1065 | D:2      | Found a burning altar of Makhleb.
  1427 | D:2      | Slain by a gnoll

Skill      XL: |  1  2  3  4 |
---------------+-------------+-----
Slings         | 6 7 |  7.4
Fighting       | 2 |  2.5
Dodging        | 3 |  3.0
Stealth        | |  1.1

Action                   |  1- 3 |  4- 6 || total
-------------------------+-------+-------++-------
Melee: Short sword       |    66 |    16 ||    82
 Fire: Hunting sling     |    22 |    34 ||    56
 Stab: Sleeping          |     2 |       ||     2
  Eat: Chunk             |       |     1 ||     1
Armor: Leather armour    |    18 |     5 ||    23
Dodge: Dodged            |    62 |    45 ||   107
